 Dungeon Crawl Stone Soup version 0.29.1-2-gbd0b4ee654 (webtiles) character file.

Game seed: 17643990685771167834

223 MisterFreud the Twirler (level 6, 0/46 HPs)
             Began as a Formicid Gladiator on Nov 1, 2022.
             Succumbed to Crazy Yiuf's poison
             ... on level 4 of the Dungeon.
             The game lasted 00:02:18 (3185 turns).

MisterFreud the Twirler (Formicid Gladiator)        Turns: 3185, Time: 00:02:18

Health: 0/46       AC:  4    Str: 20    XL:     6   Next: 20%
Magic:  6/6        EV: 12    Int:  8    God:
Gold:   249        SH:  0    Dex: 15    Spells: 5/5 levels left

rFire   . . .      SeeInvis +   a - +1 quarterstaff
rCold   . . .      Faith    .   (no shield)
rNeg    . . .      Spirit   .   b - +0 leather armour
rPois   .          Reflect  .   (helmet unavailable)
rElec   .          Harm     .   j - +0 cloak
rCorr   .          Rampage  .   (no gloves)
Will    .....                   (no boots)
Stlth   +.........              (no amulet)
HPRegen 0.15/turn               (no ring)
MPRegen 0.10/turn               (no ring)

@: lethally poisoned (0 -> -8)
A: permanent stasis, dig shafts and tunnels, antennae 3, four strong arms
a: Dig, Shaft Self


You were on level 4 of the Dungeon.
You visited 1 branch of the dungeon, and saw 4 of its levels.

You collected 249 gold pieces.

Inventory:

Hand Weapons
 a - a +1 quarterstaff (weapon)
Missiles
 c - 3 throwing nets (quivered)
 d - 3 javelins
 m - a boomerang
Armour
 b - a +0 leather armour (worn)
 j - a +0 cloak (worn)
Jewellery
 i - an amulet of faith
Wands
 f - a wand of light (4)
Scrolls
 k - 2 scrolls of fear
 l - 2 scrolls of enchant weapon
Potions
 e - a potion of mutation
 g - a potion of haste
 h - a potion of berserk rage
 n - 2 potions of attraction
 o - a potion of brilliance {unknown}
 p - a potion of heal wounds {unknown}


   Skills:
 + Level 2.8 Fighting
 - Level 6.0 Staves
 - Level 2.0 Throwing
 + Level 1.5 Armour
 - Level 2.6 Dodging


You had 5 spell levels left.
You didn't know any spells.
Your spell library contained the following spells:

 Spells                   Type           Power      Damage    Failure   Level
 Magic Dart               Conj           0%         1d3       45%         1
 Call Imp                 Summ           0%         N/A       58%         2
 Ignite Poison            Fire/Tmut/Pois 0%         N/A       83%         3
 Mephitic Cloud           Conj/Pois/Air  0%         N/A       83%         3
 Animate Armour           Summ/Erth      0%         N/A       99%         4
 Summon Ice Beast         Ice/Summ       0%         N/A       99%         4
 Freezing Cloud           Conj/Ice/Air   0%         6-21      100%        5
 Summon Mana Viper        Hex/Summ       0%         N/A       100%        5
 Summon Cactus Giant      Summ           0%         N/A       100%        6


Dungeon Overview and Level Annotations

Branches:
Dungeon (4/15)
 Temple: D:4-7

Altars:

Annotations:
D:3 3 runed translucent doors, Aldia's ghost, amateur KoDe


Innate Abilities, Weirdness & Mutations

You cannot be hasted, slowed, berserked, paralysed or teleported.
You can dig through walls and to a lower floor.
You have a pair of large antennae on your head. (SInv)
Your four strong arms can wield two-handed weapons with a shield.


Message History

You hit the jackal.
You kill the jackal!
The jackal closely misses you. The jackal barely misses you.
The jackal closely misses you.
You sock the jackal!
You kill the jackal!
The jackal bites you but does no damage.
The jackal misses you. The jackal closely misses you.
You barely miss the jackal.
The jackal bites you but does no damage.
The jackal bites you but does no damage.
The jackal closely misses you.
You closely miss the jackal. You punch the jackal.
The jackal is moderately wounded.
The jackal misses you.
You hit the jackal.
You kill the jackal!
No target in view!
n - 2 potions of attraction (gained 1) Crazy Yiuf grits, "Announcement mumblescurry blue!"
You open the door. You sock Crazy Yiuf!
Crazy Yiuf is severely wounded.
Crazy Yiuf hits you with a +4 quarterstaff of chaos!
You are poisoned.
You barely miss Crazy Yiuf.
Crazy Yiuf is severely wounded.
You feel very sick. Crazy Yiuf closely misses you.
You hit Crazy Yiuf.
Crazy Yiuf is severely wounded.
You feel very sick.
Crazy Yiuf hits you with a +4 quarterstaff of chaos.
You are electrocuted!!
* * * LOW HITPOINT WARNING * * *
You hit Crazy Yiuf.
You kill Crazy Yiuf!
* * * LOW HITPOINT WARNING * * *
You feel sick.
You die...

.............
............
............
#####.......
#....... #.......
#### ####.....##
#)..### ##.#......#
#...@.####.........#
#...##..#..........#
#### ###.#..#......#
#######.....#
#.....#
########.....#
.........†...#
.............#
.............#


There were no monsters in sight!

Vanquished Creatures
  A scorpion (D:4)
  Crazy Yiuf (D:4)
  Jessica (D:3)
  5 adders
  A worm (D:2)
  A dart slug (D:3)
  6 orcs (D:3)
  7 ball pythons
  5 bats
  2 endoplasms
  A giant cockroach (D:2)
  6 goblins
  4 hobgoblins
  4 jackals (D:4)
  A quokka (D:3)
  7 frilled lizards (D:2)
  2 kobolds (D:3)
  3 rats
58 creatures vanquished.

Notes
Turn   | Place    | Note
-------+----------+-------------------------------------------
     0 | D:1      | MisterFreud the Formicid Gladiator began the quest for the
                  | Orb.
     0 | D:1      | Reached XP level 1. HP: 16/16 MP: 1/1
   432 | D:1      | Reached XP level 2. HP: 20/22 MP: 2/2
  1149 | D:2      | Reached skill level 4 in Staves
  1149 | D:2      | Reached XP level 3. HP: 27/27 MP: 3/3
  1155 | D:2      | Got the Meditations on the Assistive Rocks
  1639 | D:2      | Found a faded altar of an unknown god.
  1736 | D:2      | Reached XP level 4. HP: 25/33 MP: 4/4
  2125 | D:3      | Noticed Jessica
  2133 | D:3      | Killed Jessica
  2134 | D:3      | Reached skill level 5 in Staves
  2280 | D:3      | Found a runed translucent gate.
  2698 | D:3      | Reached XP level 5. HP: 38/38 MP: 5/5
  2820 | D:3      | Found a runed translucent gate.
  2820 | D:3      | Identified the +9 mace of Lajuuc {venom, rCorr}
  2820 | D:3      | Noticed Aldia's ghost (amateur KoDe)
  2821 | D:3      | Found a runed translucent gate.
  3087 | D:4      | Reached skill level 6 in Staves
  3089 | D:4      | Reached XP level 6. HP: 41/46 MP: 6/6
  3135 | D:4      | Found a runed translucent door.
  3136 | D:4      | Noticed Crazy Yiuf
  3155 | D:4      | Reached skill level 1 in Armour
  3184 | D:4      | Killed Crazy Yiuf
  3184 | D:4      | HP: 1/46 [poisoned by Crazy Yiuf]
  3185 | D:4      | Succumbed to Crazy Yiuf's poison

Illustrated notes

Levels and vault maps discovered:
D:1:      minmay_arrival_hallway, layout_loops_ring
D:2:      layout_basic, serial_corexii_hall, corexii_hall_statues_x,
          corexii_hall_statues_x, chequers_ecumenical_altar_simple_redux,
          minmay_lizard_pond
D:3:      layout_basic, biasface_ghost_orc_armoury,
          minmay_misc_feat_secret_circle, uniq_jessica
D:4:      layout_basic, minmay_temple_entry_nine_rooms, uniq_crazy_yiuf_cottage

Skill      XL: |  1  2  3  4  5  6 |
---------------+-------------------+-----
Staves         | 4 5 6 |  6.0
Armour         | 1 |  1.5
Fighting       | |  2.8
Throwing       | |  2.0
Dodging        | |  2.6

Action                   |  1- 3 |  4- 6 || total
-------------------------+-------+-------++-------
Melee: Quarterstaff      |    57 |    69 ||   126
       Punch             |       |     2 ||     2
  Use: Scroll            |       |    10 ||    10
 Stab: Sleeping          |     1 |       ||     1
Armor: Leather armour    |    14 |    25 ||    39
Dodge: Dodged            |    33 |    66 ||    99
